[Event "Live Chess"]
[Site "Chess.com"]
[Date "2024.06.02"]
[Round "-"]
[White "KeithArkell"]
[Black "elis06"]
[Result "1-0"]
[WhiteElo "2409"]
[BlackElo "2171"]
[TimeControl "300"]
[EndTime "2:09:09 PDT"]
[Termination "KeithArkell won by checkmate"]

1. d4 d5 2. c4 e6 3. Nf3 Nf6 4. cxd5 exd5 5. Nc3 c6 6. Qc2 Be7 7. Bg5 Nbd7 8. e3 h6 9. Bh4 O-O 10. Bd3 Re8 11. O-O Nf8 12. Bxf6 Bxf6 13. b4 Ne6 14. Bh7+ Kh8 15. Bf5 a5 16. a3 axb4 17. axb4 Rxa1 18. Rxa1 Nc7 19. Bxc8 Qxc8 20. g3 Qg4 21. Kg2 h5 22. h3 Qd7 23. Ra7 Ne6 24. Ne2 g6 25. Nc1 Bd8 26. Nd3 Bb6 27. Ra1 Qe7 28. Nc5 Kg7 29. Nxe6+ Qxe6 30. b5 Rc8 31. bxc6 bxc6 32. Ra6 Rb8 33.
Ne5 c5 34. dxc5 Qxe5 35. Rxb6 Rc8 36. c6 d4 37. Qb2 Qd5+ 38. Kg1 Rxc6 39. Rxc6 Qxc6 40.
Qxd4+ Kh7 41. g4 Qc1+ 42. Kg2 Qc6+ 43. e4 hxg4 44. hxg4 Qe6 45. Kg3 Qc6 46. Qd5 Qc7+ 47. e5 Qc3+ 48. Kg2 Kg7 49. Qe4 Qc7 50. Qf4 Qc6+ 51. Kg3 Qc3+ 52. Qe3 Qc6 53. Qf3 Qc7 54. Qf6+ Kg8 55. Kh4 Qc1 56. e6 Qh6+ 57. Kg3 fxe6 58. Qxe6+ Kg7 59. Qe7+ Kg8 60. g5 Qh1 61. Qe6+ Kg7 62.
Qf6+ Kh7 63. Qf7+ Kh8 64. Qf4 Qg1+ 65. Kf3 Qd1+ 66. Kg2 Qd5+ 67. Kg3 Qd3+ 68. f3 Qf1 69. Qf8+ Kh7 70. Qh6+ Kg8 71. Qxg6+ Kh8 72. Qf6+ Kg8 73.
Qd4 Qe1+ 74. Kg4 Qe6+ 75. Kg3 Qe1+ 76. Kf4 Qh4+ 77. Ke3 Qxg5+ 78. Qf4 Qxf4+ 79. Kxf4 Kf8 80. Ke5 Ke7 81. Kf5 Kf7 82. f4 Kg8 83. Kg6 Kf8 84.
Kf6 Kg8 85. Ke7 Kh7 86. f5 Kg7 87. f6+ Kh8 88. f7 Kg7 89. f8=Q+ Kh7 90. Qf6 Kg8 91. Qg5+ Kh8 92. Kf7 Kh7 93. Qh5# 1-0

[Event "Live Chess"]
[Site "Chess.com"]
[Date "2024.06.02"]
[Round "-"]
[White "CarmelJane"]
[Black "booktrunk"]
[Result "1-0"]
[WhiteElo "2056"]
[BlackElo "1508"]
[TimeControl "300"]
[EndTime "2:09:26 PDT"]
[Termination "CarmelJane won by resignation"]

1. e4 b6 2. d4 Bb7 3. Bd3 e6 4. Qe2 h6 5. Nf3 Nf6 6. O-O c5 7. e5 Nd5 8. Be4 cxd4 9. Nxd4 Bc5 10. Be3 Qh4 11. Bxd5 Bxd5 12. Nb5 Kd8 13. Bxc5 bxc5 14. Nd6 Ke7 15. c4 Bc6 16. Nc3 Na6 17. f4 g5 18.
f5 Nb4 19. fxe6 Rhf8 20. exf7 h5 21. a3 Na6 22. Nf5+ 1-0

[Event "Live Chess"]
[Site "Chess.com"]
[Date "2024.06.02"]
[Round "-"]
[White "DavrosLight"]
[Black "Eva3337"]
[Result "1-0"]
[WhiteElo "802"]
[BlackElo "1169"]
[TimeControl "300"]
[EndTime "2:09:31 PDT"]
[Termination "DavrosLight won by checkmate"]

1. e4 Nc6 2. Nf3 e5 3. d4 Bd6 4. dxe5 Nxe5 5. Nxe5 Bxe5 6. Nc3 Nf6 7. Be3 O-O 8. Bd3 Re8 9. O-O b6 10. Qd2 Bb7 11. f4 Bxc3 12. Qxc3 Bxe4 13. Bxe4 Nxe4 14.
Qd3 Nc5 15. Qc3 d6 16. Rf3 Qd7 17. Rg3 g6 18. Bd4 Ne4 19. Rxg6+ fxg6 20. Qc4+ d5 21.
Qb4 c5 22. Qb3 cxd4 23. Rd1 Nc5 24. Qg3 Re4 25. f5 Qxf5 26. Rf1 Qg4 27. Qd6 Rf8 28.
Qxf8# 1-0

[Event "Live Chess"]
[Site "Chess.com"]
[Date "2024.06.02"]
[Round "-"]
[White "ACM42"]
[Black "bill77678"]
[Result "1/2-1/2"]
[WhiteElo "2159"]
[BlackElo "1840"]
[TimeControl "300"]
[EndTime "2:09:44 PDT"]
[Termination "Game drawn by agreement"]

1. e4 c6 2. d4 d5 3. e5 c5 4. c3 Nc6 5. Nf3 cxd4 6. cxd4 Bg4 7. Be2 e6 8. Nc3 Nge7 9. O-O Nf5 10. Be3 Be7 11. a3 O-O 12. b4 Qb6 13. Na4 Qc7 14. h3 Bh5 15. Rc1 a6 16. g4 Nxe3 17. fxe3 Bg6 18.
Bd3 Bxd3 19. Qxd3 Rac8 20. Nc5 Rfd8 21. g5 Bxc5 22. Rxc5 b6 23. Rc3 Qb7 24. Rfc1 Ne7 25. Nh4 Rxc3 26. Rxc3 Rc8 27. Qc2 Rxc3 28. Qxc3 Qc6 29.
Qxc6 Nxc6 30. Nf3 Ne7 31. Nh4 Kf8 32. Kf2 Ke8 33. Ke2 Kd7 34. Kd3 Kc6 35. Kc3 a5 36. Kb3 axb4 37. Kxb4 b5 38. Ka5 Nc8 39. Nf3 Nb6 40.
g6 Nc4+ 41. Kb4 hxg6 42. Ng5 Nxe3 43. Nxf7 Nc2+ 44. Kc3 Nxa3 45. Ng5 Kd7 46. Nf3 Nc4 47. Kb4 Ne3 48. Kxb5 Nf5 49. Kc5 Ke7 1/2-1/2

[Event "Live Chess"]
[Site "Chess.com"]
[Date "2024.06.02"]
[Round "-"]
[White "lateforthesky"]
[Black "Pandreq"]
[Result "1-0"]
[WhiteElo "2070"]
[BlackElo "1195"]
[TimeControl "300"]
[EndTime "2:10:04 PDT"]
[Termination "lateforthesky won on time"]

1. e4 Nf6 2. e5 Nd5 3. c4 Nb6 4.
d4 d6 5. exd6 exd6 6. Nc3 Be7 7.
Be3 O-O 8. Rc1 Bf6 9. b3 Re8 10. Be2 Nc6 11. Nf3 Bf5 12. O-O Bg6 13. a4 Ne7 14. a5 Nd7 15. Re1 Nf5 16. Bf4 c5 17.
Bxd6 Nxd6 18. dxc5 Nxc5 19. Nd5 Nce4 20. c5 Nf5 21. Bb5 Re6 22. b4 Ne7 23. Nxf6+ Nxf6 24. Qb3 Rxe1+ 25. Rxe1 h6 26. Bc4 a6 27. h3 Ned5 28. Ne5 Bh7 29. Rd1 b5 30. Bxd5 Nxd5 31. Qxd5 Qxd5 32.
Rxd5 Be4 33. Rd7 f6 34. Nf7 Bc2 35. Nd6 Bb3 36. c6 Be6 37. Re7 Bf5 38. c7 g6 39.
Re8+ 1-0

[Event "Live Chess"]
[Site "Chess.com"]
[Date "2024.06.02"]
[Round "-"]
[White "elephantgerrald"]
[Black "blunderabit"]
[Result "0-1"]
[WhiteElo "847"]
[BlackElo "1774"]
[TimeControl "300"]
[EndTime "2:10:09 PDT"]
[Termination "blunderabit won by checkmate"]

1. e4 c5 2. Nf3 d6 3. Nc3 Nf6 4. Bc4 a6 5. d3 e6 6. Be3 b5 7.
Bb3 d5 8. exd5 exd5 9. Nxd5 Nxd5 10. Bxd5 Qxd5 11. O-O Bd6 12. Re1 O-O 13. Ng5 Bf5 14.
Qh5 Bg6 15. Qh4 Nd7 16. c4 Qf5 17. cxb5 axb5 18. g4 Qf6 19. f4 h6 20. Rf1 hxg5 21.
fxg5 Qe5 22. Bf4 Qd4+ 23. Qf2 Qxf2+ 24. Rxf2 Bxf4 25. Rxf4 Ne5 26. h4 Nxd3 27. Rf3 c4 28.
h5 Be4 29. Rff1 Rae8 30. h6 Bc6 31. Kh2 Re2+ 32. Kg3 Rg2+ 33. Kh4 Rxb2 34. hxg7 Kxg7 35. Kh5 Rg2 36. Rf6 Rh2# 0-1

[Event "Live Chess"]
[Site "Chess.com"]
[Date "2024.06.02"]
[Round "-"]
[White "oscalik"]
[Black "Zhevzh1k7"]
[Result "1-0"]
[WhiteElo "2246"]
[BlackElo "1113"]
[TimeControl "300"]
[EndTime "2:10:33 PDT"]
[Termination "oscalik won by resignation"]

1. e4 c6 2. Nc3 d5 3. Qf3 dxe4 4. Nxe4 Nd7 5. Qe3 e5 6. Bc4 Ngf6 7. d3 Bb4+ 8. Bd2 Bxd2+ 9. Nxd2 O-O 10. O-O-O Qb6 11.
Kb1 Qxe3 12. fxe3 Nb6 13. Bb3 Bd7 14. Ngf3 Rfe8 15. e4 Bg4 16. h3 Bxf3 17. Nxf3 Rad8 18. g4 a5 19. a3 h6 20. Rhg1 a4 21. Ba2 c5 22. g5 hxg5 23. Nxg5 c4 24. Bxc4 Nxc4 25.
dxc4 Rxd1+ 26. Rxd1 Nh7 27. Nxh7 Kxh7 28. Rd7 Rc8 29.
b3 b6 30. Rxf7 Rd8 31. Rf5 Re8 32. Kb2 Kg6 33. Kc3 Kh6 34. Kb4 g6 35. Rf6 Rb8 36.
h4 Kg7 37. Re6 Kf7 38. Rc6 Rh8 39. Rxb6 Rxh4 40. bxa4 g5 41. Kc5 g4 42. Rb1 g3 43.
a5 Rh2 44. Rg1 g2 45. a6 Rh6 46. Kb5 Rh2 47. a7 Rh8 48. Rxg2 Ra8 49. Kb6 Ke7 50.
Rg7+ Kd6 51. Kb7 Rxa7+ 1-0

[Event "Live Chess"]
[Site "Chess.com"]
[Date "2024.06.02"]
[Round "-"]
[White "jellhhggffhjjjjjj"]
[Black "GoldsmanB"]
[Result "0-1"]
[WhiteElo "479"]
[BlackElo "1103"]
[TimeControl "300"]
[EndTime "2:10:58 PDT"]
[Termination "GoldsmanB won - game abandoned"]

1. b3 e5 2. Bb2 Nc6 3. e3 d5 4. c4 Nf6 5. Nc3 d4 6. Nce2 d3 7. Nc3 Bb4 8. a3 Bxc3 9. dxc3 e4 10. b4 O-O 11. Qb3 d2+ 12. Kd1 Be6 13.
f3 exf3 14. Nxf3 Bg4 15. Be2 Bxf3 16. Bxf3 Re8 17. e4 Nxe4 18. Bxe4 Rxe4 0-1

[Event "Live Chess"]
[Site "Chess.com"]
[Date "2024.06.02"]
[Round "-"]
[White "TigerTank70"]
[Black "MaximKovalenko83"]
[Result "0-1"]
[WhiteElo "2219"]
[BlackElo "2168"]
[TimeControl "300"]
[EndTime "2:11:12 PDT"]
[Termination "MaximKovalenko83 won by resignation"]

1. e4 c6 2. d4 d5 3. e5 Bf5 4. Nc3 e6 5. g4 Bg6 6. Nge2 c5 7. Nf4 cxd4 8. Nxg6 hxg6 9. Qxd4 Nc6 10. Bb5 Qc7 11. Bf4 a6 12. Bxc6+ Qxc6 13. O-O-O Bc5 14. Qd2 Ne7 15. h4 Bb4 16. Rh3 Rc8 17. Qd4 Qc4 18.
a3 Ba5 19. Qxc4 Rxc4 20. Ne2 Kd7 21. b3 Re4 22. Re3 Rxe3 23. Bxe3 Rxh4 24. b4 Bc7 25. f3 Bxe5 26. c4 Rh2 27. Kd2 Bb2 28. Bf4 Rg2 29. a4 dxc4 30. Kc2+ Nd5 31. Kxb2 Rxe2+ 32. Ka3 b5 0-1

[Event "Live Chess"]
[Site "Chess.com"]
[Date "2024.06.02"]
[Round "-"]
[White "chessgoatpawel"]
[Black "AlanBstard10"]
[Result "1-0"]
[WhiteElo "2083"]
[BlackElo "1229"]
[TimeControl "300"]
[EndTime "2:11:21 PDT"]
[Termination "chessgoatpawel won by resignation"]

1. e4 c5 2. Nf3 d6 3. Bb5+ Bd7 4. Bxd7+ Qxd7 5. O-O Nf6 6. Re1 a6 7. c3 g6 8. d4 cxd4 9. cxd4 Bg7 10. Nc3 O-O 11.
e5 dxe5 12. dxe5 Qxd1 13. Rxd1 Nfd7 14. Bf4 e6 15. Ne4 Rd8 16. Bg5 Re8 17. Nd6 h6 18.
Bxh6 Bxh6 19. Nxe8 Kf8 20. Nc7 Ra7 21. Rac1 b5 22.
Rc2 Bg7 23. b3 Ke7 24. a4 Nxe5 25. axb5 Nxf3+ 26. gxf3 Rb7 27. bxa6 Rxb3 28. a7 1-0

[Event "Live Chess"]
[Site "Chess.com"]
[Date "2024.06.02"]
[Round "-"]
[White "Tatarinov_Maxim"]
[Black "WorcesterYork"]
[Result "1/2-1/2"]
[WhiteElo "2275"]
[BlackElo "2471"]
[TimeControl "300"]
[EndTime "2:11:22 PDT"]
[Termination "Game drawn by stalemate"]

1. Nf3 c5 2. g3 Nc6 3. Bg2 g6 4. O-O Bg7 5. c4 d6 6. Nc3 Bxc3 7. bxc3 Qd7 8. Rb1 b6 9. d3 Bb7 10. e4 h6 11. Re1 e6 12. e5 Nxe5 13. Nxe5 dxe5 14.
Rxe5 Bxg2 15. Kxg2 Ne7 16. Qf3 Qc6 17. d4 Qxf3+ 18. Kxf3 Nc6 19. Re4 O-O-O 20. dxc5 bxc5 21. Be3 Rd3 22. Ke2 Rxc3 23. Bxc5 Rd8 24. Rb2 e5 25. Rd2 f5 26. Rh4 h5 27. Rxd8+ Kxd8 28. Kd2 Rf3 29. Ke2 e4 30. Rf4 Rc3 31. f3 Rxc4 32. Be3 Rc2+ 33. Kd1 Rxh2 34. fxe4 fxe4 35. Rxe4 Rxa2 36. Re6 Kd7 37. Rxg6 Rg2 38. Rg7+ Ke6 39. Bxa7 Nxa7 40. Rxa7 Rxg3 41. Ke2 h4 42. Kf2 Kf5 43. Rh7 Kg4 44. Rg7+ Kh3 45. Rh7 Ra3 46. Kg1 Ra1+ 47. Kf2 Ra4 48. Kg1 Rf4 49. Ra7 Rg4+ 50. Kh1 Rg3 51. Ra1 Kg4 52. Rg1 Kf3 53. Rf1+ Ke4 54. Rg1 Kf4 55. Rf1+ Kg5 56. Rg1 Kg4 57. Rxg3+ hxg3 58. Kg2 Kf4 59. Kg1 Kf3 60. Kf1 g2+ 61. Kg1 Kg3 1/2-1/2

[Event "Live Chess"]
[Site "Chess.com"]
[Date "2024.06.02"]
[Round "-"]
[White "Vladyslav2008"]
[Black "grillage"]
[Result "1-0"]
[WhiteElo "2263"]
[BlackElo "1864"]
[TimeControl "300"]
[EndTime "2:12:07 PDT"]
[Termination "Vladyslav2008 won by resignation"]

1. e4 d5 2. exd5 Qxd5 3. Nc3 Qd8 4. Nf3 Nf6 5. d4 Bg4 6. Bc4 a6 7. Bxf7+ Kxf7 8. Ne5+ Kg8 9. Nxg4 Nxg4 10. Qxg4 h6 11. O-O Nd7 12. Bf4 Nf6 13. Qe6+ Kh7 14. d5 c6 15. dxc6 bxc6 16. Rad1 Qc8 17. Qc4 g6 18. Rfe1 Ra7 19. Qf7+ Bg7 20. Rxe7 Rxe7 21. Qxe7 Re8 22. Qa7 Qe6 23. h3 Nd5 24. Nxd5 cxd5 25. b3 Re7 26. Qb8 Qf5 27. Rc1 Rf7 28. Bg3 Re7 29.
Qd6 Qe4 30. c4 dxc4 31. Rxc4 Re6 32. Rxe4 Rxd6 33. Bxd6 1-0

[Event "Live Chess"]
[Site "Chess.com"]
[Date "2024.06.02"]
[Round "-"]
[White "Ferrarifan27"]
[Black "MagnersCarlsberg2870"]
[Result "1-0"]
[WhiteElo "2135"]
[BlackElo "1814"]
[TimeControl "300"]
[EndTime "2:12:17 PDT"]
[Termination "Ferrarifan27 won by resignation"]

1. e4 d6 2. d4 Nf6 3. Nc3 Nbd7 4. f4 e5 5. dxe5 dxe5 6. f5 c6 7. Bc4 Bb4 8. Bg5 Qb6 9. Qe2 h6 10. Be3 Bc5 11. Bxc5 Qxc5 12. Bd3 h5 13. Nf3 Ng4 14. h3 Ngf6 15. O-O-O b5 16. Rhe1 Nb6 17. Qe3 Qb4 18.
Nxe5 Bd7 19. Nxd7 Nfxd7 20. e5 Na4 21. Nxa4 bxa4 22. e6 Nb6 23. exf7+ Kxf7 24. Qe6+ Kf8 25. f6 Nd5 26. fxg7+ Kxg7 27. Qxc6 Qf4+ 28. Kb1 Nf6 29. Re7+ Kh6 30. Rf1 1-0

[Event "Live Chess"]
[Site "Chess.com"]
[Date "2024.06.02"]
[Round "-"]
[White "Tushinskiy"]
[Black "KeithArkell"]
[Result "0-1"]
[WhiteElo "2281"]
[BlackElo "2414"]
[TimeControl "300"]
[EndTime "2:12:29 PDT"]
[Termination "KeithArkell won by resignation"]

1. d4 e6 2. c3 Nf6 3. Nf3 b6 4. Bf4 Bb7 5. Bg3 Be7 6. Nbd2 Ne4 7. e3 d6 8. Bd3 Nxg3 9. hxg3 Nd7 10.
Qe2 Nf6 11. e4 h6 12. O-O-O Qd7 13. e5 Nd5 14. Ne4 O-O-O 15. Bb5 Bc6 16. Ba6+ Bb7 17. a3 Bxa6 18. Qxa6+ Kb8 19. c4 Qc6 20. Kb1 Nb4 21. axb4 Qxe4+ 22. Ka2 Qb7 23. Qxb7+ Kxb7 24. Kb3 a6 25. Kc3 h5 26. Nd2 dxe5 27. dxe5 b5 28. c5 Rd5 29. Nf3 g6 30. Rxd5 exd5 31. Kd4 c6 32. Re1 h4 33. gxh4 Bxh4 34. Rh1 Bf6 35.
Rxh8 Bxh8 36. Ng5 f6 37. Nf7 fxe5+ 38. Nxe5 g5 39. g3 g4 0-1

[Event "Live Chess"]
[Site "Chess.com"]
[Date "2024.06.02"]
[Round "-"]
[White "ZatixMajor"]
[Black "StoreySniper"]
[Result "0-1"]
[WhiteElo "2013"]
[BlackElo "2515"]
[TimeControl "300"]
[EndTime "2:12:30 PDT"]
[Termination "StoreySniper won by resignation"]

1. c4 g6 2. g3 Bg7 3. Bg2 c5 4. Nc3 Nc6 5. a3 d6 6. b4 cxb4 7. axb4 Nxb4 8. Nf3 Nc6 9. O-O Nf6 10.
d4 O-O 11. e4 e5 12. Ba3 Re8 13. Re1 Bg4 14. Nb5 Nxd4 15. Nxd6 Re6 16. Nxd4 Bxd1 17.
Nxe6 fxe6 18. Raxd1 Qa5 19. Ra1 Bf8 20. Bh3 Kg7 21. Nf5+ Kg8 22. Bxf8 Qc3 23. Bg7 Nh5 24. Rac1 Qa5 25. Ra1 Qc7 26. Bxe5 Qxe5 27. Nh6+ Kg7 28.
Ng4 Qc5 29. Rab1 b6 30. Ne3 Re8 31. Red1 Nf6 32. Rb5 Qc7 33. e5 Nd7 34. Ng4 h5 35. Nf6 Nxf6 36. exf6+ Kxf6 37. Rb4 a5 38. Rb5 a4 39.
Ra1 Ra8 40. Rb4 a3 41. Rb3 a2 42. Bf1 Qe5 43. Rbb1 axb1=Q 44. Rxb1 Ra1 0-1

[Event "Live Chess"]
[Site "Chess.com"]
[Date "2024.06.02"]
[Round "-"]
[White "matt1979"]
[Black "MaksymYurii"]
[Result "1-0"]
[WhiteElo "1407"]
[BlackElo "1000"]
[TimeControl "300"]
[EndTime "2:12:47 PDT"]
[Termination "matt1979 won by checkmate"]

1. f4 d5 2. e3 d4 3. e4 Nf6 4. d3 Bg4 5. Be2 Bxe2 6. Qxe2 Nc6 7. Nf3 e5 8. f5 Bb4+ 9. c3 Ba5 10. O-O dxc3 11.
bxc3 O-O 12. Bb2 Bb6+ 13. Kh1 Ng4 14. Bc1 Qf6 15. h3 Nh6 16. Bb2 Rad8 17. Na3 a6 18. Nc4 Ba7 19. Rad1 b5 20. Ncd2 b4 21. c4 g6 22.
fxg6 fxg6 23. Nxe5 Qd6 24. Nxc6 Qxc6 25. Rxf8+ Rxf8 26. Rf1 Qc5 27. Rxf8+ Kxf8 28. Qf3+ Kg8 29. Qf1 Qe3 30. Nf3 Ng4 31. hxg4 Qh6+ 32. Nh2 c5 33. Qf6 Qg7 34. Qxg7# 1-0

[Event "Live Chess"]
[Site "Chess.com"]
[Date "2024.06.02"]
[Round "-"]
[White "Delacorta"]
[Black "CarmelJane"]
[Result "0-1"]
[WhiteElo "1524"]
[BlackElo "2057"]
[TimeControl "300"]
[EndTime "2:12:57 PDT"]
[Termination "CarmelJane won by resignation"]

1. d4 g6 2. Nf3 Bg7 3. e3 c5 4. c4 cxd4 5. exd4 d5 6. c5 Bg4 7. Be3 Nc6 8. a3 Bxf3 9. gxf3 e6 10. Bb5 Ne7 11. Qa4 a6 12. Bxc6+ Nxc6 13. Nd2 O-O 14.
b4 Qf6 15. Ke2 Nxd4+ 16. Bxd4 Qxd4 17. Qc2 Qe5+ 18. Kd3 Qf5+ 0-1

[Event "Live Chess"]
[Site "Chess.com"]
[Date "2024.06.02"]
[Round "-"]
[White "seasidecastle27"]
[Black "vincents82"]
[Result "1/2-1/2"]
[WhiteElo "1917"]
[BlackElo "2002"]
[TimeControl "300"]
[EndTime "2:12:58 PDT"]
[Termination "Game drawn by repetition"]

1. d4 d5 2. Nf3 Nf6 3. Bf4 c5 4. e3 Nc6 5. c3 Qb6 6. Qc1 Bf5 7. Nbd2 e6 8. Nh4 Bg6 9. Nxg6 hxg6 10. Bd3 Rc8 11.
Qb1 Nh5 12. O-O Nxf4 13. exf4 cxd4 14. cxd4 Qxd4 15. g3 Bc5 16. Nb3 Qb4 17. Nxc5 Qxc5 18. Rc1 Qd6 19. b4 O-O 20. b5 Nd4 21. Qb2 Nf5 22.
a4 b6 23. Rc3 Rc5 24. Rxc5 bxc5 25. a5 c4 26. Bxf5 gxf5 27. b6 axb6 28. axb6 Rb8 29. b7 Qc7 30. Ra8 c3 31. Rxb8+ Qxb8 32. Qxc3 Qxb7 33. h4 Qb1+ 34. Kg2 Qe4+ 35. Kh2 d4 36.
Qc8+ Kh7 37. Qd7 f6 38. Qe8 Qf3 39. Kg1 d3 40. h5 Qg4 41. Kg2 d2 42. f3 Qxf3+ 43. Kxf3 d1=Q+ 44. Kg2 Qc1 45. Qg6+ Kg8 46. Qe8+ Kh7 47. Qg6+ Kg8 48. Qe8+ Kh7 1/2-1/2

[Event "Live Chess"]
[Site "Chess.com"]
[Date "2024.06.02"]
[Round "-"]
[White "Duke_of_Bebington"]
[Black "peteopeteo"]
[Result "0-1"]
[WhiteElo "1642"]
[BlackElo "1547"]
[TimeControl "300"]
[EndTime "2:13:00 PDT"]
[Termination "peteopeteo won by resignation"]

1. e4 c6 2. d4 d5 3. e5 Bf5 4.
g4 Bg6 5. h4 h5 6. e6 fxe6 7.
Bh3 hxg4 8. Bxg4 Bf5 9. Bg5 g6 10. Nd2 Nf6 11. f3 Bh6 12. Bxf6 exf6 13. Qe2 Qd6 14.
O-O-O Nd7 15. Kb1 O-O-O 16. Ka1 e5 17. dxe5 Nxe5 18. Bxf5+ gxf5 19. Nh3 Rhg8 20. f4 Ng4 21. Qd3 Bxf4 22. Qxf5+ Kb8 23. Nxf4 Ne3 24. Qh3 Qxf4 25. Rde1 Nxc2+ 0-1

[Event "Live Chess"]
[Site "Chess.com"]
[Date "2024.06.02"]
[Round "-"]
[White "nigelst"]
[Black "dmitro74"]
[Result "0-1"]
[WhiteElo "1724"]
[BlackElo "1723"]
[TimeControl "300"]
[EndTime "2:13:04 PDT"]
[Termination "dmitro74 won by resignation"]

1. e4 e6 2. d4 d5 3. exd5 exd5 4.
Nf3 Nf6 5. Bd3 Bd6 6. Qe2+ Be6 7.
Ng5 Qd7 8. Nxe6 Qxe6 9. Qxe6+ fxe6 10. O-O O-O 11. Re1 Re8 12. c4 Nbd7 13. c5 Bf8 14. Nc3 e5 15. dxe5 Nxe5 16. Bf1 Bxc5 17. Bg5 Neg4 18.
Bxf6 Bxf2+ 19. Kh1 Bxe1 20. Bd4 b6 21. Be2 Bxc3 22. Bxc3 Rxe2 0-1

[Event "Live Chess"]
[Site "Chess.com"]
[Date "2024.06.02"]
[Round "-"]
[White "yarek"]
[Black "crais6"]
[Result "1-0"]
[WhiteElo "1743"]
[BlackElo "1604"]
[TimeControl "300"]
[EndTime "2:13:11 PDT"]
[Termination "yarek won by resignation"]

1. e4 c5 2. d4 cxd4 3. c3 d3 4. Bxd3 Nc6 5. Nf3 d6 6. h3 e5 7. O-O Be7 8. c4 Nf6 9. Nc3 O-O 10. Nd5 Be6 11. a3 a5 12. Be3 Nd7 13. Rc1 f5 14.
exf5 Bxf5 15. Bxf5 Rxf5 16. Qd3 Qf8 17. Nc7 Rc8 18. Ne6 Qf7 19. Neg5 Qg6 20. Qd5+ Kh8 21. Nh4 Qh5 22. Nxf5 1-0

[Event "Live Chess"]
[Site "Chess.com"]
[Date "2024.06.02"]
[Round "-"]
[White "TJ-W"]
[Black "ggosyaa"]
[Result "1-0"]
[WhiteElo "1574"]
[BlackElo "575"]
[TimeControl "300"]
[EndTime "2:13:45 PDT"]
[Termination "TJ-W won by checkmate"]

1. e4 e5 2. Nf3 Nf6 3. Nxe5 Nc6 4. Nxc6 dxc6 5. Nc3 Bc5 6. Bc4 O-O 7. O-O Ng4 8. h3 Qh4 9. d4 Bd6 10. e5 Bb4 11. hxg4 Bxg4 12. g3 Qh5 13. f3 Bf5 14. g4 Bxc2 15. gxh5 Bxd1 16. Rxd1 Be7 17. h6 g6 18. f4 Rad8 19. f5 gxf5 20. Kf2 c5 21.
Rg1+ Kh8 22. dxc5 Rd4 23. Bb3 Bxc5 24. Be3 Rd2+ 25. Kf3 Bxe3 26. Kxe3 Rxb2 27. Nd5 Re8 28. Nf6 f4+ 29. Kxf4 Rf2+ 30. Ke3 Rf5 31. Nxe8 Rxe5+ 32. Kf4 Rxe8 33. Bxf7 Rf8 34. Rg8+ Rxg8 35. Bxg8 Kxg8 36. Ke5 Kf7 37. Rg1 b5 38. Rg7+ Ke8 39. Rxc7 a5 40.
Ke6 Kd8 41. Rxh7 b4 42. Rd7+ Kc8 43. h7 Kb8 44. h8=R# 1-0

[Event "Live Chess"]
[Site "Chess.com"]
[Date "2024.06.02"]
[Round "-"]
[White "Crowded_House"]
[Black "juniortay"]
[Result "1-0"]
[WhiteElo "1691"]
[BlackElo "2371"]
[TimeControl "300"]
[EndTime "2:13:57 PDT"]
[Termination "Crowded_House won by resignation"]

1. d4 d5 2. Bg5 f6 3. Bh4 Nh6 4. e3 Nf5 5. Bg3 h5 6. Nf3 h4 7. Bf4 g5 8. Nxg5 fxg5 9. Bxg5 Nc6 10. c3 Qd6 11. Bf4 Qg6 12. Bxc7 Be6 13. Be5 Bg7 14. Bxg7 Qxg7 15. Qb3 O-O-O 16. Nd2 Qg4 17. Rg1 Rhg8 18. Be2 Qg5 19. O-O-O Kb8 20. Bb5 Rc8 21. Nf3 Qf6 22. Bxc6 Rxc6 23. Ne5 Rb6 24. Qa4 Rc8 25. Nd7+ Bxd7 26.
Qxd7 Nd6 27. Qg4 Qh6 28. Qf4 Qh7 29. g3 hxg3 30. hxg3 Ka8 31. Rh1 Rxc3+ 32. bxc3 Rb1+ 33. Kd2 Nc4+ 34. Ke2 Qc2+ 35. Kf3 a5 36. Rxb1 Nd2+ 37. Kg4 Nxb1 38. Rh8+ Ka7 39. Qb8+ Kb6 40. Rh6+ Kb5 41. Qxb7+ Ka4 42. Qc6+ Ka3 43. Qc5+ Kb2 44. Qb5+ Kc1 45. Rh1+ Kd2 46. Qxb1 1-0

[Event "Live Chess"]
[Site "Chess.com"]
[Date "2024.06.02"]
[Round "-"]
[White "lateforthesky"]
[Black "bill77678"]
[Result "1-0"]
[WhiteElo "2075"]
[BlackElo "1837"]
[TimeControl "300"]
[EndTime "2:13:59 PDT"]
[Termination "lateforthesky won by resignation"]

1. e4 c6 2. Nf3 d5 3. exd5 cxd5 4. Ne5 Bf5 5. d4 Nd7 6. Nxf7 Kxf7 7. Qf3 Ngf6 8.
Qxf5 e6 9. Qf3 Bd6 10. Bd3 Rf8 11. O-O Qb6 12. c3 Rae8 13. Qh3 Kg8 14. Nd2 a6 15.
Nf3 Qc7 16. Ng5 1-0

[Event "Live Chess"]
[Site "Chess.com"]
[Date "2024.06.02"]
[Round "-"]
[White "LL220284LL"]
[Black "TheSmoulderingMaster"]
[Result "1-0"]
[WhiteElo "2506"]
[BlackElo "1789"]
[TimeControl "300"]
[EndTime "2:14:15 PDT"]
[Termination "LL220284LL won by resignation"]

1. g3 d5 2. Bg2 e5 3. d3 Nc6 4. Nf3 Nf6 5. O-O Bc5 6. b3 O-O 7. Bb2 Qe7 8. Re1 Bg4 9. Nbd2 Rad8 10.
a3 e4 11. Ng5 e3 12. fxe3 Bxe3+ 13. Kh1 Bxg5 14. e4 Bxd2 15. Qxd2 dxe4 16. Qg5 Rd6 17. Bxf6 Qxf6 18. Qxg4 exd3 19. cxd3 Rxd3 20. b4 h6 21. Rf1 Qd4 22. Qf5 Ne5 23. Rae1 Ng4 24. Be4 g6 25. Qxg4 Rd2 26. Qf4 Kg7 27. Bxb7 Qb6 28. Qxd2 Qxb7+ 29. Qg2 1-0

[Event "Live Chess"]
[Site "Chess.com"]
[Date "2024.06.02"]
[Round "-"]
[White "friarnator"]
[Black "Greenbecker"]
[Result "1-0"]
[WhiteElo "2186"]
[BlackElo "1741"]
[TimeControl "300"]
[EndTime "2:14:31 PDT"]
[Termination "friarnator won by resignation"]

1. d4 d5 2. Nc3 e6 3. e4 c5 4. exd5 exd5 5. dxc5 Bxc5 6. Qxd5 Qe7+ 7. Qe4 Nc6 8. Bb5 Bd7 9. Nf3 O-O-O 10. Qxe7 Ncxe7 11. Bxd7+ Rxd7 12. O-O Ng6 13. Ne4 Bb6 14. a4 f5 15.
Neg5 Nf6 16. a5 Bc7 17. Ne6 Re8 18. Nxc7 Kxc7 19. Be3 f4 20. Bxa7 Re2 21. Bb6+ Kc8 22. b4 Rxc2 23. Rac1 Rxc1 24. Rxc1+ Kb8 25. b5 Nd5 26.
Re1 Nge7 27. Bc5 Kc7 28. Rc1 Nc3 29. Bxe7 Kb8 30. Re1 Nxb5 31. Bc5 Nc3 32. Bb6 1-0

[Event "Live Chess"]
[Site "Chess.com"]
[Date "2024.06.02"]
[Round "-"]
[White "silunn"]
[Black "road2gm5000"]
[Result "0-1"]
[WhiteElo "2133"]
[BlackElo "1107"]
[TimeControl "300"]
[EndTime "2:14:42 PDT"]
[Termination "road2gm5000 won by checkmate"]

1. e4 c6 2. d4 d5 3. exd5 cxd5 4. c4 Nf6 5. Nc3 Nc6 6. Nf3 g6 7. Be3 Bg7 8. Be2 Bg4 9. c5 e6 10.
O-O O-O 11. a3 a5 12. h3 Bxf3 13. Bxf3 Qc7 14. Nb5 Qd7 15. Bf4 Ne8 16. Qd2 a4 17.
Qb4 Ra5 18. Qc3 Rxb5 19. Be2 Rb3 20. Qd2 Nxd4 21. Bd1 Rb5 22. Bxa4 Qc6 23. Bxb5 Qxb5 24. Rab1 Qxc5 25. Be3 e5 26. Rfc1 Qd6 27. Kh1 Nb3 28. Qc2 Nxc1 29. Bc5 Qc6 30. Rxc1 Nd6 31. b4 Rc8 32.
Qb3 b6 33. Be3 Qxc1+ 34. Bxc1 Rxc1+ 35. Kh2 d4 36. Qd5 Nc4 37. f4 exf4 38. Qd8+ Bf8 39.
Qxd4 Nxa3 40. Qxf4 Rc4 41. Qe3 Rxb4 42. Qxa3 Rd4 43. Qb2 Rd6 44. h4 Bg7 45. Qb4 Bf8 46. Qc3 h5 47. Qc7 b5 48. Qb8 Rd5 49. g3 Kg7 50. Kg2 b4 51. Qb7 Rd3 52. Qb5 Ra3 53.
Qe5+ Kg8 54. Kh3 b3 55. Qb2 Kh7 56. g4 hxg4+ 57. Kxg4 Ra4+ 58. Kg3 Rb4 59. Kh3 Bc5 60. Kg3 Bd4 61. Qd2 Bc5 62. Qb2 Bd6+ 63. Kh3 Rb5 64. Qf6 Kg8 65. Qxd6 b2 66. Qd8+ Kg7 67. Qd4+ Kh7 68. Qf6 Rb7 69. h5 b1=Q 70. hxg6+ fxg6 71. Qg7+ Kxg7 72. Kg4 Rb4+ 73. Kf3 Qd3+ 74. Kg2 Rb2+ 75. Kg1 Qb1# 0-1

[Event "Live Chess"]
[Site "Chess.com"]
[Date "2024.06.02"]
[Round "-"]
[White "Brooms1989"]
[Black "ProfPoisson"]
[Result "1-0"]
[WhiteElo "1168"]
[BlackElo "1321"]
[TimeControl "300"]
[EndTime "2:14:53 PDT"]
[Termination "Brooms1989 won by resignation"]

1. e4 e5 2. Nc3 Nf6 3. f4 d5 4. fxe5 Nxe4 5. Qf3 Nxc3 6. dxc3 c6 7. Bd3 Nd7 8. Bf4 Bc5 9. O-O-O Qa5 10. Kb1 Qb6 11. Ne2 Ba3 12. b3 a5 13. Bc1 Bxc1 14.
Nxc1 a4 15. Rhf1 O-O 16. Qh3 g6 17. Qh6 axb3 18. cxb3 Nxe5 19. Bc2 Nc4 20. Rf3 Na3+ 21. Kb2 Nxc2 22. Kxc2 Bf5+ 23. Rxf5 gxf5 24. Rd3 Qf2+ 25.
Kb1 Qxg2 26. Rg3+ Qxg3 27. hxg3 Rfe8 28. Qg5+ Kh8 29. Qxf5 Rg8 30. Qxf7 Rxg3 31. Qxb7 Rag8 32. Qxc6 h5 33. Qxd5 h4 34. Qh5+ Kg7 35. Qxh4 1-0